 Dungeon Crawl Stone Soup version 0.20.0-14-g326068f (webtiles) character file.

116 Dickchan the Vexing (level 4, -1/30 HPs)
             Began as a Vampire Enchanter on June 8, 2017.
             Was an Initiate of Dithmenos.
             Slain by a worm (3 damage)
             ... on level 4 of the Dungeon.
             The game lasted 00:12:23 (3406 turns).

Dickchan the Vexing (Vampire Enchanter)             Turns: 3406, Time: 00:12:24

Health: -1/30      AC:  2    Str:  7    XL:     4   Next: 70%
Magic:  0/7        EV: 12    Int: 18    God:    Dithmenos [......]
Gold:   130        SH:  0    Dex: 14    Spells: 4/7 levels left

rFire    . . .     SeeInvis +   l - -2 long sword (curse)
rCold    . . .     Gourm    .   (no shield)
rNeg     + . .     Faith    .   b - +0 robe
rPois    .         Spirit   +   (no helmet)
rElec    .         Reflect  .   (no cloak)
rCorr    .         Harm     .   (no gloves)
MR       .....                  (no boots)
Stlth    +++.......             g - amulet of guardian spirit
Regen    0.1/turn               (no ring)
MPRegen  0.1/turn               (no ring)

@: no status effects
A: fangs 3, see invisible, unbreathing
a: Bat Form, Renounce Religion


You were on level 4 of the Dungeon.
You worshipped Dithmenos.
Dithmenos was noncommittal.
You were not thirsty.

You visited 2 branches of the dungeon, and saw 5 of its levels.
You also visited: Sewer.

You collected 130 gold pieces.

Inventory:

Hand Weapons
 a - a +1 dagger
 d - a +2 scimitar of slicing
 l - a cursed -2 long sword (weapon)
Armour
 b - a +0 robe (worn)
Jewellery
 g - an amulet of guardian spirit (around neck)
Scrolls
 f - 2 scrolls of identify
Potions
 h - a potion of flight
 i - a potion of curing
Books
 c - a book of Maledictions

   Spells                             Type                      Level
   a - Corona                         Hexes                        1
   b - Ensorcelled Hibernation        Hexes/Ice                    2
   c - Confuse                        Hexes                        3
   d - Tukima's Dance                 Hexes                        3
   e - Dazzling Spray                 Conjuration/Hexes            3


   Skills:
 * Level 3.7 Short Blades
 - Level 2.1 Dodging
 + Level 5.3 Stealth
 - Level 2.0 Spellcasting
 + Level 5.7 Hexes


You had 4 spell levels left.
You knew the following spells:

 Your Spells              Type           Power        Failure   Level  Hunger
a - Ensorcelled Hibernat  Hex/Ice        ##....       9%          2    ###....
b - Corona                Hex            ###....      1%          1    #......


Dungeon Overview and Level Annotations

Branches:
Dungeon (4/15)             Temple (1/1) D:4

Altars:
Ashenzari
Cheibriados
Dithmenos
Elyvilon
Fedhas
Kikubaaqudgha
Makhleb
Okawaru
Ru
Sif Muna
Trog
Uskayaw
Xom
Yredelemnul
Zin

Annotations:
D:4 Blork the orc; Natasha; Purgy; matyilona's ghost, amateur BaIE


Innate Abilities, Weirdness & Mutations

You have razor-sharp teeth.
You have supernaturally acute eyesight. (SInv)
You can survive without breathing.


Message History

The orc wizard casts a spell.
The orc wizard flickers and vanishes for a moment.
The shadow imp hits you.
* * * LOW HITPOINT WARNING * * *
The worm bites you.
* * * LOW HITPOINT WARNING * * *
You hit the worm.
The worm is lightly wounded.
The shadow imp disappears in a puff of smoke!
The shadow imp barely misses you.
You riposte.
You hit the shadow imp.
The shadow imp is lightly wounded.
The worm bites you.
* * * LOW HITPOINT WARNING * * *
Natasha barely misses you.
You riposte.
You closely miss Natasha. The shadow imp hits you.
* * * LOW HITPOINT WARNING * * *
You hit the worm but do no damage.
The worm is lightly wounded.
Natasha misses you. The shadow imp closely misses you. The worm bites you.
You die...

#....## #.##.##...# #.....##
#.##.##.### .......# #.##.##.#
#......# #.#..##.### ##.....# ..
#.##...# ##.#..## #.##.h.#
#...... .# ##o##...#########
###..###..# #h5###.#5.......###
#..# #.o# #@###.#.######....
#####..#
#..####w##%....#########
.o.o...###....##o..........###
#####.###..o.........#..........
#.###....>.####.##.###w#####
#.o..oo....# #..##.#.w...#
#####..>..## #.###.#.###.#
#.....# #.....'.'>#.+ #.
###.#.####.###.#.###.# .


You could see a worm, an orc wizard (invisible), Natasha, a shadow imp and an
orc.

Vanquished Creatures
  2 adders
  A river rat (Sewer)
  An ooze (D:2)
  5 worms
  2 dart slugs
  2 leopard geckos
  8 orcs
  A giant cockroach (D:3)
  5 hobgoblins
  4 jackals
  3 kobolds
  2 quokkas
  3 bats
  2 frilled lizards
  8 goblins
  8 rats
57 creatures vanquished.

Notes
Turn   | Place    | Note
-------+----------+-------------------------------------------
     0 | D:1      | Dickchan the Vampire Enchanter began the quest for the Orb.
     0 | D:1      | Reached XP level 1. HP: 13/13 MP: 3/3
   284 | D:1      | Reached XP level 2. HP: 15/19 MP: 1/5
   500 | D:2      | Learned a level 2 spell: Ensorcelled Hibernation
   603 | D:2      | Reached skill level 5 in Hexes
   880 | D:2      | Reached XP level 3. HP: 19/24 MP: 1/6
  1265 | D:2      | Reached skill level 5 in Stealth
  1767 | D:3      | Found a glowing drain.
  1859 | Sewer    | Entered a sewer
  1870 | Sewer    | Reached XP level 4. HP: 23/30 MP: 4/7
  1973 | Sewer    | Noticed a big kobold
  2205 | Sewer    | Found a white marble altar of Elyvilon.
  2826 | D:4      | Noticed Blork the orc
  2908 | D:4      | Found a deep blue altar of Sif Muna.
  3078 | D:4      | Noticed Natasha
  3078 | D:4      | Noticed matyilona's ghost (amateur BaIE)
  3084 | D:4      | Noticed Purgy
  3115 | D:4      | Found a staircase to the Ecumenical Temple.
  3123 | Temple   | Entered the Ecumenical Temple
  3164 | Temple   | Became a worshipper of Dithmenos the Shadowed
  3406 | D:4      | Slain by a worm

Skill      XL: |  1  2  3 |
---------------+----------+-----
Short Blades   | 2 3 |  3.7
Hexes          | 5 |  5.7
Stealth        | 5 |  5.3
Dodging        | |  2.1
Spellcasting   | |  2.0

Action                   |  1- 3 |  4- 6 || total
-------------------------+-------+-------++-------
Melee: Dagger            |    84 |    13 ||    97
       Bite              |     6 |     7 ||    13
       Long sword        |       |    74 ||    74
       Unarmed           |       |     6 ||     6
 Cast: Corona            |     4 |       ||     4
       Ensorcelled Hiber |    15 |     2 ||    17
 Abil: End Transformatio |       |     6 ||     6
       Bat Form          |       |     6 ||     6
  Use: Potion            |     1 |     5 ||     6
       Scroll            |       |     2 ||     2
 Stab: Sleeping          |    19 |     5 ||    24
  Eat: Corpse            |     5 |     7 ||    12
Armor: Robe              |     9 |    12 ||    21
Dodge: Dodged            |    59 |   112 ||   171
       Rpst.: Long sword |       |    30 ||    30
